 Dungeon Crawl Stone Soup version 0.30-b1-2-g02819fbbbe (webtiles) character file.

Game seed: 8121580412649551793

8824 Dirian the Cleaver (level 11, -5/102 HPs)
             Began as a Minotaur Berserker on May 18, 2023.
             Was an Elder of Trog.
             Slain by a white ugly thing (33 damage)
             ... on level 11 of the Dungeon.
             The game lasted 00:13:21 (9502 turns).

Dirian the Cleaver (Minotaur Berserker)             Turns: 9502, Time: 00:13:21

Health: -5/102     AC: 18    Str: 25    XL:     11   Next: 15%
Magic:  10/10      EV:  8    Int:  4    God:    Trog [****..]
Gold:   693        SH:  9    Dex: 11    Spells: 10/10 levels left

rFire   + . .        a - +1 war axe (chaos)
rCold   . . .        m - +0 kite shield
rNeg    . . .        b - +0 chain mail
rPois   .            (helmet restricted)
rElec   .            n - +2 cloak
rCorr   .            k - +2 pair of gloves
SInv    .            (no boots)
Will    .....        (no amulet) Stlth
                     p - ring of protection from fire
HPRegen 0.37/turn    i - ring of flight
MPRegen 0.12/turn

%: no passive effects
@: flying
A: horns 2, retaliatory headbutt
a: Renounce Religion, Berserk, Trog's Hand, Brothers in Arms


You were on level 11 of the Dungeon.
You worshipped Trog.
Trog was greatly pleased with you.
You visited 1 branch of the dungeon, and saw 11 of its levels.
You also visited: Sewer.

You collected 693 gold pieces.

Inventory:

Hand Weapons
 a - a +1 war axe of chaos (weapon)
 d - a +2 flail of draining
Armour
 b - a +0 chain mail (worn)
 k - a +2 pair of gloves (worn)
 m - a +0 kite shield (worn)
 n - a +2 cloak (worn)
 C - a +0 plate armour
Jewellery
 i - a ring of flight (right hand)
 p - a ring of protection from fire (left hand)
 u - a ring of ice
Wands
 g - a wand of iceblast (6)
 v - a wand of paralysis (21)
Scrolls
 f - 3 scrolls of fear
 r - 2 scrolls of identify
 s - a scroll of enchant weapon
 t - 2 scrolls of teleportation
 y - 2 scrolls of enchant armour
 z - a scroll of blinking
 B - 2 scrolls of poison
Potions
 c - 3 potions of cancellation
 e - a potion of lignification
 h - 8 potions of haste
 j - 3 potions of berserk rage
 l - 2 potions of flight
 o - a potion of ambrosia
 q - 2 potions of curing
 w - 5 potions of heal wounds
 x - a potion of attraction


   Skills:
 + Level 11.1 Fighting
 + Level 14.2 Axes
 + Level 9.5 Armour
 - Level 2.1 Dodging
 + Level 6.4 Shields


You had 10 spell levels left.
You didn't know any spells.
Your spell library was empty.

Dungeon Overview and Level Annotations

Branches:
Dungeon (11/15) Zot: 26768  Temple (0/1) D:5            Lair (0/5) D:10
  Sewer (visited)
    Orc: D:9-12

Altars:
Dithmenos
Hepliaklqana
Wu Jian
Zin

Shops:
D:2 (   D:4 *   D:5 [   D:7 ?   D:8 (


Innate Abilities, Weirdness & Mutations

You have a pair of horns on your head.
You reflexively headbutt those who attack you in melee.


Message History

The vampire mosquito completely misses you.
You furiously retaliate!
You headbutt the vampire mosquito!
You destroy the vampire mosquito!
Trog accepts your kill.
You hit something.
Nothing appears to happen.
Something hits you.
A white ugly thing comes into view.
Something hits you.
You see here a vampire mosquito corpse.
The white ugly thing gurgles horribly!
Something hits you. Something hits you! Something hits you but does no damage.
Something hits you but does no damage. Something hits you but does no damage.
Something hits you. Something hits you but does no damage.
Something hits you but does no damage. x3
Something hits you but does no damage. x2
Something hits you but does no damage.
You closely miss something. Something hits you but does no damage.
Something hits you. x2
* * * LOW HITPOINT WARNING * * *
You hit something. Something hits you but does no damage.
Something completely misses you. Something hits you.
* * * LOW HITPOINT WARNING * * *
Something hits you but does no damage.
Something hits you but does no damage. x2; You block something's attack.
You block something's attack.
The white ugly thing attacks as you move away!
The white ugly thing closely misses you.
Something hits you but does no damage. Something hits you but does no damage.
You barely miss the white ugly thing. You closely miss something.
Something completely misses you.
You block the white ugly thing's attack.
You hit the white ugly thing.
The white ugly thing is lightly wounded.
Something hits you but does no damage. The white ugly thing pecks you.
* * * LOW HITPOINT WARNING * * *
The white ugly thing freezes you!!
You die...

..†................#
..........>........#
...................#
#.u###############.#
#..# #.# #..# #.#
#..# #.#
#..###############<#
................@..#
...............u...#
#################..#
#..# #..# #..# #..#
#..#


You could see a white ugly thing.

Vanquished Creatures
  Pikel (D:6)
  An ugly thing (D:10)
  A manticore (D:10)
  Joseph (D:7)
  Psyche (D:8)
  A rime drake (shapeshifter) (D:5)
  A hornet (D:8)
  2 shadows
  A culicivora (shapeshifter) (D:7)
  11 yaks
  A wraith (D:11)
  3 steam dragons
  7 vampire mosquitoes
  Duvessa (D:7)
  Pargi (Sewer)
  2 ice beasts
  2 orc warriors (D:9)
  A sky beast (D:7)
  The ghost of Lolow the Chopper, an amateur HuBe of Trog (D:3)
  An ogre (D:6)
  5 centaurs
  3 lemures (D:6)
  5 kobold brigands
  4 bullfrogs
  5 wights (D:8)
  Dowan (D:7)
  4 killer bees (D:10)
  2 hounds
  A jelly (D:6)
  Crazy Yiuf (D:2)
  A gnoll bouda (D:9)
  A sleepcap (D:8)
  5 iguanas
  Natasha (thrice) (D:2)
  6 orc wizards
  8 gnolls
  5 adders
  2 shadow imps
  2 white imps
  An ufetubus (D:5)
  2 worms
  4 dart slugs
  23 orcs
  8 ball pythons
  A bat (D:1)
  5 endoplasms
  2 giant cockroaches
  10 goblins
  4 hobgoblins
  6 jackals
  29 kobolds
  3 quokkas
  10 frilled lizards
  6 rats
219 creatures vanquished.

Vanquished Creatures (others)
  An orc (D:6)
  A kobold zombie (D:10)
  7 plants
9 creatures vanquished.

Grand Total: 228 creatures vanquished

Notes
Turn   | Place    | Note
-------+----------+-------------------------------------------
     0 | D:1      | Dirian the Minotaur Berserker began the quest for the Orb.
     0 | D:1      | Reached XP level 1. HP: 19/19 MP: 0/0
     0 | D:1      | Noticed a ghoul
     0 | D:1      | Noticed a dwarf
     1 | D:1      | Noticed a troll
     2 | D:1      | Noticed a ghoul
     4 | D:1      | Noticed a troll
     6 | D:1      | Noticed an octopode
     8 | D:1      | Noticed a formicid
     9 | D:1      | Noticed a gargoyle
    11 | D:1      | Noticed a gargoyle
    11 | D:1      | Noticed a human
    13 | D:1      | Noticed a gargoyle
    15 | D:1      | Noticed a troll
    15 | D:1      | Noticed a demonspawn
    15 | D:1      | Noticed a barachi
    17 | D:1      | Noticed a vine stalker
    17 | D:1      | Noticed a demonspawn
    19 | D:1      | Noticed a spriggan
    19 | D:1      | Noticed a draconian
    21 | D:1      | Noticed a naga
   165 | D:1      | Reached skill level 4 in Axes
   165 | D:1      | Reached XP level 2. HP: 25/27 MP: 1/1
   517 | D:1      | Reached ** piety under Trog
   564 | D:1      | Found a faded altar of an unknown god.
   788 | D:1      | Reached XP level 3. HP: 28/33 MP: 2/2
   956 | D:2      | Noticed Natasha
   962 | D:2      | Killed Natasha
  1140 | D:2      | Reached XP level 4. HP: 41/41 MP: 3/3
  1150 | D:2      | Found Qoxuuxem's Antique Weapon Shoppe.
  1356 | D:2      | Found a runed translucent door.
  1357 | D:2      | Noticed Crazy Yiuf
  1595 | D:2      | Noticed Natasha
  1600 | D:2      | Killed Natasha
  1601 | D:2      | Reached skill level 5 in Axes
  1959 | D:2      | Noticed Natasha
  1963 | D:2      | Killed Natasha
  1964 | D:2      | Reached skill level 5 in Fighting
  2004 | D:2      | Killed Crazy Yiuf
  2005 | D:2      | Reached XP level 5. HP: 48/48 MP: 4/4
  2896 | D:3      | Found a runed translucent gate.
  2896 | D:3      | Found a runed translucent gate.
  2896 | D:3      | Found a runed translucent gate.
  2896 | D:3      | Noticed Lolow's ghost (amateur HuBe)
  2957 | D:3      | Reached skill level 6 in Axes
  2957 | D:3      | Reached XP level 6. HP: 57/57 MP: 5/5
  2964 | D:3      | Killed Lolow's ghost
  3225 | D:4      | Found a hazy altar of Hepliaklqana.
  3464 | D:4      | Found a glowing drain.
  3613 | Sewer    | Entered a sewer
  3637 | Sewer    | Reached *** piety under Trog
  3668 | Sewer    | Noticed Pargi
  3682 | Sewer    | Killed Pargi
  3683 | Sewer    | Reached skill level 7 in Axes
  3683 | Sewer    | Reached XP level 7. HP: 40/63 MP: 6/6
  3831 | D:4      | Found Zin's Purification Station.
  3836 | D:4      | Found a glowing silver altar of Zin.
  4157 | D:5      | Entered Level 5 of the Dungeon
  4374 | D:5      | an adder changed into a shapeshifter
  4374 | D:5      | Noticed a shapeshifter (shapeshifter)
  4374 | D:5      | a shapeshifter changed into a rime drake
  4374 | D:5      | Noticed a rime drake (shapeshifter)
  4378 | D:5      | Killed a rime drake
  4379 | D:5      | Reached skill level 8 in Axes
  4379 | D:5      | Reached skill level 5 in Armour
  4379 | D:5      | Reached skill level 1 in Shields
  4427 | D:5      | Found a shadowy altar of Dithmenos.
  4441 | D:5      | Reached XP level 8. HP: 44/71 MP: 7/7
  4526 | D:5      | Identified the +0 robe of Focviuzib {+Inv rElec rC- Dex+3}
  4553 | D:5      | Found a staircase to the Ecumenical Temple.
  4574 | D:5      | Found Kelash's Antique Armour Shop.
  5087 | D:6      | Reached skill level 9 in Axes
  5340 | D:6      | Noticed Pikel
  5348 | D:6      | Paralysed by Pikel for 2 turns
  5354 | D:6      | Killed Pikel
  5355 | D:6      | Reached skill level 10 in Axes
  5491 | D:6      | Reached XP level 9. HP: 81/81 MP: 8/8
  6240 | D:7      | Noticed Duvessa
  6240 | D:7      | Noticed Dowan
  6244 | D:7      | Killed Duvessa
  6250 | D:7      | Killed Dowan
  6294 | D:7      | Noticed Joseph
  6300 | D:7      | Reached skill level 11 in Axes
  6309 | D:7      | Killed Joseph
  6486 | D:7      | Noticed Maggie
  6490 | D:7      | Maggie changed into Maggie the shapeshifter
  6574 | D:7      | Found Plog's Magic Scroll Shoppe.
  6604 | D:7      | Reached **** piety under Trog
  6788 | D:8      | Found Ligips's Antique Weapon Shoppe.
  6824 | D:8      | Reached skill level 12 in Axes
  7141 | D:8      | Reached XP level 10. HP: 91/91 MP: 9/9
  7162 | D:8      | Reached skill level 5 in Shields
  7186 | D:8      | Noticed Psyche
  7195 | D:8      | Killed Psyche
  7209 | D:8      | Found an ornate altar of the Wu Jian Council.
  7894 | D:9      | Reached skill level 10 in Fighting
  7894 | D:9      | Reached skill level 13 in Axes
  8253 | D:10     | Entered Level 10 of the Dungeon
  8390 | D:10     | Noticed a purple ugly thing
  8403 | D:10     | Killed a purple ugly thing
  8596 | D:10     | Noticed a manticore
  8608 | D:10     | Killed a manticore
  8871 | D:10     | Reached skill level 14 in Axes
  9189 | D:10     | Found a staircase to the Lair.
  9296 | D:11     | Reached XP level 11. HP: 66/101 MP: 10/10
  9477 | D:11     | Noticed a white ugly thing
  9502 | D:11     | Slain by a white ugly thing

Illustrated notes

Levels and vault maps discovered:
D:1:      shiori_arrival_whats_in_store_for_you, layout_basic,
          hellmonk_ecumenical_altar_inner_sanctum, minmay_tromino_i2
D:2:      layout_basic, serial_shops, shop, supply_closet_lemuel,
          serial_bayou_crossing, uniq_crazy_yiuf_cottage, uniq_natasha
D:3:      layout_basic, gammafunk_ghost_nasty_kobolds, serial_curves,
          eino_curves_03, eino_curves_01, eino_curves_03
D:4:      layout_cave_pods, nzn_hepliaklqana_mist_gate, zin_purify,
          gup_sewer_entry_glass, minmay_cupped
D:5:      layout_loops_ring, mainiacjoe_overflow_chevrons,
          minmay_temple_entry_glass, serial_shops, shop, st_stairs_2,
          hangedman_glass_teeth, item_on_display_a
D:6:      layout_gridville, minmay_checkerbox, uniq_pikel
D:7:      layout_basic, enter_bailey_4, serial_shops,
          nicolae_shop_just_a_little_nook, uniq_joseph, uniq_maggie,
          uniq_duvessa
D:8:      nicolae_hitomezashi [nicolae_hito_row, nicolae_hito_row,
          nicolae_hito_row, nicolae_hito_row, nicolae_hito_row,
          nicolae_hito_row, nicolae_hito_row, nicolae_hito_row,
          nicolae_hito_row, nicolae_hito_row, nicolae_hito_row,
          nicolae_hito_row, nicolae_hito_row, nicolae_hito_row,
          nicolae_hito_row, nicolae_hito_row, nicolae_hito_row,
          nicolae_hito_row], layout_loops_ring, nicolae_wu_jian_wuxing_cycle,
          nicolae_stop_n_shop_2, minmay_misc_feat_alley,
          minmay_misc_feat_encased, uniq_psyche
D:9:      layout_cave_pools
D:10:     layout_irregular_city, lair_entry_dummy
D:11:     layout_long_grid, kennysheep_orc_monster_closet_entryway,
          okawaru_gym_becter

Skill      XL: |  1  2  3  4  5  6  7  8  9 10 11 |
---------------+----------------------------------+-----
Axes           | 4 5 6 7 8 10 12 14 | 14.2
Fighting       | 4 5 6 7 9 10 11 | 11.1
Armour         | 3 4 5 6 7 9 |  9.5
Shields        | 2 3 4 6 |  6.4
Dodging        | |  2.1

Action                     |  1- 3 |  4- 6 |  7- 9 | 10-12 || total
---------------------------+-------+-------+-------+-------++-------
  Melee: Hand axe          |    60 |    70 |       |       ||   130
         Headbutt          |     9 |    16 |    37 |    28 ||    90
         Punch             |     2 |       |       |       ||     2
         War axe           |       |    43 |   176 |   166 ||   385
 Invoke: Berserk           |       |     2 |     1 |     2 ||     5
         Trog's Hand       |       |     1 |       |     1 ||     2
    Use: Scroll            |       |     8 |    10 |     7 ||    25
   Stab: Sleeping          |       |     1 |       |       ||     1
         Confused          |       |       |       |     1 ||     1
 Armour: Animal skin       |     6 |    25 |       |       ||    31
         Ring mail         |       |    23 |    25 |       ||    48
         Chain mail        |       |       |    47 |   166 ||   213
  Dodge: Dodged            |    43 |    67 |    54 |    45 ||   209
  Block: Kite shield       |       |    16 |    68 |    77 ||   161
